 Dungeon Crawl Stone Soup version 0.31-a0-788-ga445dbd2db (webtiles) character file.

Game seed: 4621716993424799592

946 Ijustatesigmund the Magician (level 7, -7/40 HPs)
             Began as a Deep Elf Fire Elementalist on Sept 18, 2023.
             Was an Initiate of Vehumet.
             Mangled by an ogre
             ... wielding a +0 giant club
              (35 damage)
             ... on level 5 of the Dungeon.
             The game lasted 00:08:56 (4248 turns).

Ijustatesigmund the Magician (DEFE)                 Turns: 4248, Time: 00:08:58

Health: -7/40      AC:  6    Str:  5    XL:     7   Next: 89%
Magic:  12/18      EV: 12    Int: 22    God:    Vehumet [......]
Gold:   86         SH:  0    Dex: 15    Spells: 7/19 levels left

rFire   . . .        f - +3 dagger (speed)
rCold   . . .        (no shield)
rNeg    . . .        a - +0 animal skin
rPois   .            g - +2 helmet
rElec   .            (no cloak)
rCorr   .            c - +0 pair of gloves
SInv    .            (no boots)
Will    .....        (no amulet)
Stlth   ++           j - +4 ring of slaying
HPRegen 0.26/turn    (no ring)
MPRegen 0.16/turn

%: no passive effects
@: no status effects
A: no striking features
a: Renounce Religion


You were on level 5 of the Dungeon.
You worshipped Vehumet.
Vehumet was noncommittal.
You visited 2 branches of the dungeon, and saw 6 of its levels.

You collected 126 gold pieces.
You spent 40 gold pieces at shops.

Inventory:

Hand Weapons
 f - a +3 dagger of speed (weapon)
 i - a +3 dagger
Armour
 a - a +0 animal skin (worn)
 c - a +0 pair of gloves (worn)
 g - a +2 helmet (worn)
Jewellery
 j - a +4 ring of slaying (left hand)
Wands
 o - a wand of polymorph (7)
Scrolls
 e - 3 scrolls of amnesia
 m - a scroll of teleportation
Potions
 b - a potion of magic
 d - 2 potions of invisibility
 h - 2 potions of resistance
 k - a potion of might
 l - a potion of brilliance {unknown}
 n - a potion of curing


   Skills:
 - Level 2.0 Fighting
 - Level 2.4 Dodging
 - Level 2.4 Stealth
 + Level 6.5 Spellcasting
 + Level 4.9 Conjurations
 + Level 3.6 Transmutations
 + Level 5.9 Fire Magic


You had 7 spell levels left.
You knew the following spells:

 Your Spells              Type           Power      Damage    Failure   Level
a - Foxfire               Conj/Fire      100%       2x1d9     1%          1
b - Scorch                Fire           66%        2d7       1%          2
c - Flame Wave            Conj/Fire      31%        2d9       9%          4
d - Irradiate             Conj/Tmut      13%        3d16      38%         5

Your spell library contained the following spells:

 Spells                   Type           Power      Damage    Failure   Level
 Sting                    Tmut/Pois      60%        1d6       4%          1
 Inner Flame              Hex/Fire       20%        N/A       8%          3
 Volatile Blastmotes      Fire/Tloc      40%        2d13      8%          3
 Stone Arrow              Conj/Erth      36%        3d9       10%         3
 Ozocubu's Armour         Ice            7%         N/A       26%         3
 Animate Armour           Summ/Erth      14%        N/A       65%         4
 Yara's Violent Unravell  Hex/Tmut       7%         3d5       75%         5
 Metabolic Englaciation   Hex/Ice        3%         N/A       94%         5
 Plasma Beam              Fire/Air       10%        2x1d21    98%         6
 Simulacrum               Ice/Necr       3%         N/A       100%        6
 Lehudib's Crystal Spear  Conj/Erth      9%         10d4      100%        8


Dungeon Overview and Level Annotations

Branches:
Dungeon (5/15)             Temple (1/1) D:4

Altars:
Cheibriados
Dithmenos
Kikubaaqudgha
Makhleb
Okawaru
Qazlal
Sif Muna
Trog
Vehumet
Wu Jian
Xom
Zin
The Shining One

Shops:
D:3 !


Message History

As you read the scroll labelled INIYMAL ZISEXTU, it crumbles to dust.
It is a scroll of enchant weapon.
Your +2 dagger of speed glows red for a moment.
Prince Ribbit comes into view.
The helpless Prince Ribbit fails to defend himself.
You puncture Prince Ribbit!
Prince Ribbit is moderately wounded.
Prince Ribbit hits you but does no damage.
Casting: Foxfire (safe; 1% risk of failure)
Confirm with . or Enter, or press ? or * to list all spells.
Flames lash Prince Ribbit.
Prince Ribbit is severely wounded.
Prince Ribbit's fire resistance burns away.
You hear a shout!
Prince Ribbit blinks!
An ogre comes into view. It is wielding a +0 giant club.
Prince Ribbit hits you!
Casting: Scorch (safe; 1% risk of failure)
Confirm with . or Enter, or press ? or * to list all spells.
You conjure some foxfire!
Prince Ribbit barely misses you. Prince Ribbit misses you.
The foxfire hits Prince Ribbit.
Prince Ribbit is burned terribly!
Prince Ribbit is almost dead.
The foxfire hits Prince Ribbit.
Prince Ribbit is burned terribly!
You kill Prince Ribbit!
Vehumet accepts your kill.
Casting: Foxfire (safe; 1% risk of failure)
Confirm with . or Enter, or press ? or * to list all spells.
Flames lash the ogre.
The ogre is lightly wounded.
The ogre's fire resistance burns away.
The ogre hits you with a +0 giant club.
Casting: Scorch (safe; 1% risk of failure)
Confirm with . or Enter, or press ? or * to list all spells.
Flames lash the ogre.
The ogre is burned terribly!
The ogre is heavily wounded.
You hear a shout!
The ogre hits you with a +0 giant club!!
Ouch! That really hurt!
You die...

###.. #. ..... #.
#..... ##.#
...... . #...##
#..... ...
....##.... #..
#....## #..
#.O@..#
###..##..#.......
.........##..####
.........# .##
......#..# .#
#...####.#.##
###. #<...# .
#...## ...##


You could see an ogre (combustible).

Vanquished Creatures
  Grinder (D:4)
  Prince Ribbit (D:5)
  Sigmund (D:2)
  A scorpion (D:4)
  2 orc priests (D:3)
  An iguana (D:4)
  3 orc wizards (D:3)
  Robin (D:2)
  6 adders
  A white imp (D:4)
  2 worms
  7 dart slugs
  7 orcs
  10 ball pythons
  4 bats
  10 endoplasms
  6 giant cockroaches
  16 goblins
  8 hobgoblins
  A jackal (D:1)
  2 quokkas
  5 frilled lizards
  6 kobolds
  4 rats
106 creatures vanquished.

Vanquished Creatures (others)
  224 foxfires
224 creatures vanquished.

Grand Total: 330 creatures vanquished

Notes
Turn   | Place    | Note
-------+----------+-------------------------------------------
     0 | D:1      | Ijustatesigmund the Deep Elf Fire Elementalist began the
                  | quest for the Orb.
     0 | D:1      | Reached XP level 1. HP: 10/10 MP: 6/6
   145 | D:1      | Reached XP level 2. HP: 10/16 MP: 5/8
   156 | D:1      | Learned a level 2 spell: Scorch
   598 | D:1      | Reached XP level 3. HP: 20/20 MP: 7/10
   630 | D:1      | Found a faded altar of an unknown god.
   965 | D:2      | Reached skill level 1 in Fighting
  1252 | D:2      | Noticed Sigmund
  1282 | D:2      | Killed Sigmund
  1283 | D:2      | Reached skill level 4 in Spellcasting
  1283 | D:2      | Reached XP level 4. HP: 19/26 MP: 10/12
  1283 | D:2      | Reached XP level 5. HP: 22/30 MP: 10/13
  1399 | D:2      | Learned a level 4 spell: Flame Wave
  1418 | D:2      | Got a vellum book
  1520 | D:2      | Learned a level 5 spell: Irradiate
  1738 | D:2      | Noticed Robin
  1777 | D:2      | Killed Robin
  2091 | D:3      | Reached skill level 1 in Transmutations
  2091 | D:3      | Reached XP level 6. HP: 35/35 MP: 11/15
  2099 | D:3      | Reached skill level 5 in Spellcasting
  2567 | D:3      | Found Toele's Distillery.
  2575 | D:3      | Bought a potion of curing for 30 gold pieces
  2575 | D:3      | Bought a potion of degeneration for 10 gold pieces
  2826 | D:3      | Reached skill level 5 in Fire Magic
  3562 | D:4      | Found an ornate altar of the Wu Jian Council.
  3619 | D:4      | Noticed Grinder
  3627 | D:4      | Paralysed by Grinder for 2 turns
  3630 | D:4      | Killed Grinder
  3631 | D:4      | Reached XP level 7. HP: 32/40 MP: 11/17
  3681 | D:4      | Reached skill level 6 in Spellcasting
  3835 | D:4      | Found a staircase to the Ecumenical Temple.
  3844 | Temple   | Entered the Ecumenical Temple
  4085 | D:4      | Found a radiant altar of Vehumet.
  4132 | D:4      | Found a burning altar of Makhleb.
  4132 | D:4      | Found a shimmering blue altar of Sif Muna.
  4204 | D:4      | Became a worshipper of Vehumet
  4230 | D:5      | Entered Level 5 of the Dungeon
  4239 | D:5      | Noticed Prince Ribbit
  4245 | D:5      | Killed Prince Ribbit
  4248 | D:5      | Mangled by an ogre

Illustrated notes

Levels and vault maps discovered:
D:1:      giann_bridges, layout_rooms, ebering_ecumenical_altar_rust,
          minmay_split_cup_small
D:2:      layout_loops_ring, chequers_serial_rivers_small_3, uniq_sigmund,
          uniq_robin
D:3:      layout_basic, serial_shops, nicolae_shop_behind_doors,
          chequers_arboretum
D:4:      layout_cave_pools, gammafunk_temple_overflow_elements,
          lemuel_coloured_pillars_altar, mainiacjoe_overflow_brackets,
          minmay_temple_entry_statues_fountains, uniq_grinder
D:5:      layout_layer_cave, mainiacjoe_overflow_catch_the_wave,
          grunt_ministairs_2, uniq_prince_ribbit1
Temple:   hellmonk_temple_beads

Skill      XL: |  1  2  3  4  5  6  7 |
---------------+----------------------+-----
Conjurations   | 3 4 |  4.9
Fighting       | 1 2 |  2.0
Spellcasting   | 4 5 6 |  6.5
Fire Magic     | 4 5 |  5.9
Transmutations | 1 2 3 |  3.6
Dodging        | |  2.4
Stealth        | |  2.4

Action                     |  1- 3 |  4- 6 |  7- 9 || total
---------------------------+-------+-------+-------++-------
  Melee: Dagger            |    23 |    43 |     1 ||    67
         Punch             |       |     1 |       ||     1
   Cast: Foxfire           |    50 |    57 |    22 ||   129
         Scorch            |     6 |    19 |     7 ||    32
    Use: Scroll            |     4 |     3 |     3 ||    10
         Potion            |     2 |     1 |       ||     3
   Stab: Sleeping          |     1 |       |     1 ||     2
 Armour: Robe              |    16 |    22 |       ||    38
         Animal skin       |       |    21 |     4 ||    25
  Dodge: Dodged            |    25 |    46 |     5 ||    76

Table legend: (Time is in decaauts)
 A = Elapsed time spent in this place.
 B = Non-inter-level travel time spent in this place.
 C = Inter-level travel time spent in this place.
 D = Time resting spent in this place.
 E = Time spent auto-exploring this place.
 F = Levels seen in this place.
 G = Mean time per level.
                   A        B        C        D        E       F      G
               +--------+--------+--------+--------+--------+-----+--------+
         Total |   4231 |   4110 |    121 |    793 |   2651 |   6 |  705.2 |
       Dungeon |   4229 |   4109 |    120 |    793 |   2651 |   5 |  845.8 |
        Temple |      1 |      0 |      1 |      0 |      0 |   1 |    1.0 |
               +--------+--------+--------+--------+--------+-----+--------+

Top non-repeatable levels by time:
     D:3: 1225 daAuts
     D:2: 1169 daAuts
     D:4: 942 daAuts
     D:1: 875 daAuts
     D:5: 17 daAuts
  Temple: 1 daAuts
